 Dungeon Crawl Stone Soup version 0.29.1-12-g30fa7ad0bf (webtiles) character file.

Game seed: 4574083937550417598

17 KittyFluff the Trooper (level 2, 0/19 HPs)
             Began as a Gargoyle Berserker on Jan 14, 2023.
             Was a Follower of Trog.
             Frozen to death by an endoplasm (4 damage)
             ... on level 1 of the Dungeon.
             The game lasted 00:05:08 (1361 turns).

KittyFluff the Trooper (Gargoyle Berserker)         Turns: 1361, Time: 00:05:09

Health: 0/19       AC:  5    Str: 26    XL:     2   Next: 62%
Magic:  2/2        EV: 12    Int:  7    God:    Trog [*.....]
Gold:   36         SH:  0    Dex:  9    Spells: 1/1 levels left

rFire   . . .      SeeInvis .   a - +0 mace
rCold   . . .      Faith    .   (no shield)
rNeg    + . .      Spirit   .   b - +0 animal skin
rPois   ∞          Reflect  .   (no helmet)
rElec   +          Harm     .   (no cloak)
rCorr   .          Rampage  .   (no gloves)
Will    .....                   (no boots)
Stlth   +.........              (no amulet)
HPRegen 0.06/turn               k - +6 ring of strength
MPRegen 0.08/turn               (no ring)

@: no status effects
A: sickness immunity, AC +2, negative energy resistance 1, electricity
resistance, torment resistance 1, petrification resistance
a: Renounce Religion, Berserk


You were on level 1 of the Dungeon.
You worshipped Trog.
Trog was aware of your devotion.
You visited 1 branch of the dungeon, and saw 1 of its levels.

You collected 36 gold pieces.

Inventory:

Hand Weapons
 a - a +0 mace (weapon)
Missiles
 e - 8 stones (quivered)
 g - 9 poisoned darts
Armour
 b - a +0 animal skin (worn)
 c - a +0 ring mail
 f - a +0 crystal plate armour
Jewellery
 k - a +6 ring of strength (left hand)
Scrolls
 h - a scroll of identify {unknown}
 i - a scroll of acquirement {unknown}
Potions
 d - a potion of invisibility {unknown}
 j - a potion of mutation {unknown}


   Skills:
 + Level 3.4 Fighting
 * Level 3.3 Maces & Flails
 * Level 2.6 Armour
 + Level 1.8 Dodging


You had one spell level left.
You didn't know any spells.
Your spell library was empty.

Dungeon Overview and Level Annotations

Branches:
Dungeon (1/15)

Altars:


Innate Abilities, Weirdness & Mutations

You are immune to sickness and miasma.
Your stone body is resilient. (AC +2)
You are immune to poison.
You resist negative energy. (rN+)
You are resistant to electric shocks. (rElec)
You are resistant to unholy torment.
You are immune to petrification.


Message History

As you open the door, it creaks loudly!
There is an open door here.
Unknown command.
As you open the door, it creaks loudly!
There is an open door here.
You open the door.
There is an open door here.
There is a staircase leading out of the dungeon here.
There is an open door here.
Found a club.
You see here a +0 club.
As you open the door, it creaks loudly!
There is an open door here.
There is an escape hatch in the floor here.
A ball python and an endoplasm come into view.
The endoplasm quivers.
You barely miss the endoplasm. The endoplasm freezes you.
You are frozen.
You hit the endoplasm.
The endoplasm is heavily wounded.
The ball python bites you. The ball python grabs you.
The ball python constricts you. The endoplasm barely misses you.
The ball python bites you. The ball python constricts you.
You closely miss the ball python. The endoplasm freezes you.
You are frozen.
The ball python closely misses you. The ball python constricts you.
The endoplasm closely misses you.
You sock the ball python!
You kill the ball python!
Trog accepts your kill. The endoplasm hits you. The endoplasm freezes you.
You are frozen.
* * * LOW HITPOINT WARNING * * *
You hit the endoplasm but do no damage.
The endoplasm is heavily wounded.
The endoplasm freezes you.
You are frozen.
You die...

## ########.. #+####
#.....##.####....).
#.....##.#.#......
#.....#.........
#####.....#..#...#+#####
..........#..#..........
.......@..#..#.#........
......J...#.)#.#........
#########....).#........
#....#......#....:...
######....#......#........
#....'...........#........
#.####...>####.###........
#.# #....# #............
#.# #....##########)#####


You could see an endoplasm.

Vanquished Creatures
  An endoplasm (D:1)
  A giant cockroach (D:1)
  2 goblins (D:1)
  A hobgoblin (D:1)
  2 jackals (D:1)
  3 ball pythons (D:1)
  A bat (D:1)
  2 frilled lizards (D:1)
  3 kobolds (D:1)
  A rat (D:1)
17 creatures vanquished.

Notes
Turn   | Place    | Note
-------+----------+-------------------------------------------
     0 | D:1      | KittyFluff the Gargoyle Berserker began the quest for the
                  | Orb.
     0 | D:1      | Reached XP level 1. HP: 14/14 MP: 1/1
   267 | D:1      | Reached XP level 2. HP: 18/19 MP: 2/2
  1361 | D:1      | Frozen to death by an endoplasm

Illustrated notes

Levels and vault maps discovered:
D:1:      nicolae_arrival_somewhat_less_tricky_arrival, layout_basic

Action                   || total
-------------------------++-------
Melee: Mace              ||    41
Armor: Animal skin       ||    12
Dodge: Dodged            ||    21
